 Dungeon Crawl Stone Soup version 0.26.1-10-gdfb7c7de75 (console) character file.

Game seed: 10816742979229011845

16 dreux the Charlatan (level 2, 0/23 HPs)
             Began as a Formicid Artificer on Apr 12, 2021.
             Slain by a leopard gecko (4 damage)
             ... on level 1 of the Dungeon.
             The game lasted 00:02:34 (488 turns).

dreux the Charlatan (Formicid Artificer)             Turns: 488, Time: 00:02:35

Health: 0/23       AC:  3    Str: 16    XL:     2   Next: 70%
Magic:  2/2        EV: 11    Int: 10    God:
Gold:   9          SH:  0    Dex: 11    Spells: 1/1 levels left

rFire    . . .     SeeInvis +   a - +0 club
rCold    . . .     Faith    .   (no shield)
rNeg     . . .     Spirit   .   b - +0 leather armour
rPois    .         Reflect  .   (helmet unavailable)
rElec    .         Harm     .   (no cloak)
rCorr    .         Rampage  .   (no gloves)
Will     .....                  (no boots)
Stlth    +.........             (no amulet)
HPRegen  0.07/turn              (no ring)
MPRegen  0.08/turn              (no ring)

@: no status effects
A: permanent stasis, dig shafts and tunnels, four strong arms, antennae 3
a: Dig, Shaft Self


You were on level 1 of the Dungeon.
You visited 1 branch of the dungeon, and saw 1 of its levels.

You collected 9 gold pieces.

Inventory:

Hand Weapons
 a - a +0 club (weapon)
Armour
 b - a +0 leather armour (worn)
Wands
 c - a wand of flame (10) (quivered)
 d - a wand of enslavement (14)
 e - a wand of random effects (14)
Scrolls
 f - a scroll of random uselessness {unknown}


   Skills:
 + Level 2.7 Fighting
 - Level 2.1 Armour
 - Level 0.8 Dodging
 - Level 1.2 Stealth
 - Level 3.2 Evocations


You had one spell level left.
You didn't know any spells.
Your spell library was empty.

Dungeon Overview and Level Annotations

Branches:
Dungeon (1/15)

Altars:


Innate Abilities, Weirdness & Mutations

You cannot be hasted, slowed, berserked, paralysed or teleported.
You can dig through walls and to a lower floor.
Your four strong arms can wield two-handed weapons with a shield.
You have a pair of large antennae on your head. (SInv)


Message History

Aiming: Throw Flame
Press: ? - help, Q - select action, (/) - cycle Shift-Dir - straight line, f - jackal
Aim: a jackal (36% to evade)
The puff of flame misses the jackal.
Something barely misses the jackal.
The leopard gecko barely misses something.
The jackal bites you but does no damage.
Aiming: Throw Flame
Press: ? - help, Q - select action, (/) - cycle Shift-Dir - straight line, f/p - jackal
Aim: a jackal (36% to evade)
The puff of flame hits the jackal.
The jackal is almost dead.
Something bites the jackal.
The jackal dies!
The leopard gecko hisses menacingly.
The leopard gecko bites you but does no damage.
You barely miss the leopard gecko. The leopard gecko bites you.
* * * LOW HITPOINT WARNING * * *
The leopard gecko bites you.
You die...

#....##....#..........#.....#
#..........#..........#......
#..........#.................
#...................##.......
###.................##.####..
#...##........>B........†B..
#...##.....#+#+#............
#..............#............
#.....#....B...#............
#.....#....l...#.#..........
#.....#....@...#.#..........
#....####...+#..............
#....# #...+ .#............
#....####...+#.#...
#......##..........
#......##........
###.....'.................#
#.......###...............#
#...............#.........#
#.......#########.........#
#.......##...# #.........##


You could see a leopard gecko and a giant cockroach.

Vanquished Creatures
  An ooze (D:1)
  A dart slug (D:1)
  A goblin (D:1)
  A jackal (D:1)
  A kobold (D:1)
  A ball python (D:1)
  A frilled lizard (D:1)
  2 rats (D:1)
9 creatures vanquished.

Vanquished Creatures (collateral kills)
  A jackal (D:1)
1 creature vanquished.

Vanquished Creatures (others)
  A jackal (D:1)
1 creature vanquished.

Grand Total: 11 creatures vanquished

Notes
Turn   | Place    | Note
-------+----------+-------------------------------------------
     0 | D:1      | dreux the Formicid Artificer began the quest for the Orb.
     0 | D:1      | Reached XP level 1. HP: 15/15 MP: 1/1
   108 | D:1      | Reached XP level 2. HP: 22/22 MP: 2/2
   488 | D:1      | Slain by a leopard gecko

Illustrated notes

Levels and vault maps discovered:
D:1:      amcnicky_arrival_choice, layout_basic

Skill      XL: |  1 |
---------------+----+-----
Fighting       | 2 |  2.7
Armour         | |  2.1
Dodging        | |  0.8
Stealth        | |  1.2
Evocations     | |  3.2

Action                   || total
-------------------------++-------
Melee: Club              ||    34
 Abil: Dig               ||     1
Evoke: Wand              ||     7
Armor: Leather armour    ||    17
Dodge: Dodged            ||    22
